 Dungeon Crawl Stone Soup version 0.21.0-25-ge575cb9ce8 (webtiles) character file.

3628 KamiKatze the Destroyer (level 9, -6/45 HPs)
             Began as a Deep Elf Conjurer on Jan 27, 2018.
             Was a Priest of Sif Muna.
             Mangled by a hornet (9 damage)
             ... on level 9 of the Dungeon.
             The game lasted 00:51:32 (7952 turns).

KamiKatze the Destroyer (Deep Elf Conjurer)         Turns: 7952, Time: 00:51:32

Health: -6/45      AC:  6    Str:  5    XL:     9   Next: 87%
Magic:  22/24      EV: 14    Int: 24    God:    Sif Muna [***...]
Gold:   229        SH:  0    Dex: 18    Spells: 9/27 levels left

rFire    . . .     SeeInvis .   f - +3 dagger (distort)
rCold    . . .     Gourm    .   (no shield)
rNeg     . . .     Faith    .   N - +1 robe of Awe {+Fly Stlth+}
rPois    .         Spirit   .   A - +1 hat
rElec    .         Reflect  .   I - +1 cloak
rCorr    .         Harm     .   (no gloves)
MR       .....                  (no boots)
Stlth    ++........             (no amulet)
HPRegen  0.15/turn              D - ring of loudness (curse)
MPRegen  0.19/turn              G - +3 ring of dexterity

@: lethally poisoned (-6 -> -24), slowed, very slow
A: no striking features
a: Divine Energy, Channel Magic, Renounce Religion, Evoke Flight


You were on level 9 of the Dungeon.
You worshipped Sif Muna.
Sif Muna was most pleased with you.
You were hungry.

You visited 2 branches of the dungeon, and saw 10 of its levels.
You also visited: Ossuary.

You collected 412 gold pieces.
You spent 183 gold pieces at shops.

Inventory:

Hand Weapons
 f - a +3 dagger of distortion (weapon)
 C - a +4 whip
Armour
 p - a +3 leather armour
 u - a +2 leather armour of magic resistance
 A - a +1 hat (worn)
 I - a +1 cloak (worn)
 N - the +1 robe of Awe (worn) {+Fly Stlth+}
   (You bought it in a shop on level 8 of the Dungeon)

   It lets you fly.
   It makes you more stealthy.
Jewellery
 y - an uncursed ring of protection from cold
 D - a cursed ring of loudness (left hand)
 G - a +3 ring of dexterity (right hand)
Wands
 m - a wand of paralysis (14)
 n - a wand of flame (27)
 s - a wand of iceblast (21)
Scrolls
 a - a scroll of identify
 h - 2 scrolls of teleportation
 i - 4 scrolls of enchant weapon
 k - a scroll of blinking {unknown}
 l - 7 scrolls of remove curse
 o - 2 scrolls of enchant armour {unknown}
 r - 2 scrolls of fog {unknown}
 v - 2 scrolls of amnesia {unknown}
 x - 5 scrolls of immolation {unknown}
 z - a scroll of magic mapping
 J - 2 scrolls of fear {unknown}
Potions
 d - 4 potions of resistance
 e - 7 potions of curing
 g - 2 potions of lignification
 j - a potion of mutation
 q - 4 potions of brilliance
 w - 3 potions of heal wounds
 F - a potion of haste
 K - a potion of ambrosia
 M - a potion of might {unknown}
Books
 b - a book of Conjurations

   Spells                             Type                      Level
   a - Magic Dart                     Conjuration                  1
   b - Searing Ray                    Conjuration                  2
   c - Dazzling Spray                 Conjuration/Hexes            3
   d - Fulminant Prism                Conjuration/Hexes            4
   e - Force Lance                    Conjuration/Translocation    4
   f - Iskenderun's Mystic Blast      Conjuration                  4
 t - a book of Frost

   Spells                             Type                      Level
   a - Freeze                         Ice                          1
   b - Throw Frost                    Conjuration/Ice              2
   c - Ozocubu's Armour               Charms/Ice                   3
   d - Throw Icicle                   Conjuration/Ice              4
   e - Summon Ice Beast               Ice/Summoning                4
 B - a book of Changes

   Spells                             Type                      Level
   a - Beastly Appendage              Transmutation                1
   b - Sticks to Snakes               Transmutation                2
   c - Spider Form                    Transmutation/Poison         3
   d - Ice Form                       Ice/Transmutation            4
   e - Blade Hands                    Transmutation                5
 E - a book of Air

   Spells                             Type                      Level
   a - Shock                          Conjuration/Air              1
   b - Swiftness                      Charms/Air                   2
   c - Static Discharge               Conjuration/Air              3
   d - Airstrike                      Air                          4
   e - Lightning Bolt                 Conjuration/Air              5
 H - a book of Callings

   Spells                             Type                      Level
   a - Summon Small Mammal            Summoning                    1
   b - Call Imp                       Summoning                    2
   c - Call Canine Familiar           Summoning                    3
   d - Summon Guardian Golem          Hexes/Summoning              3
   e - Summon Lightning Spire         Summoning/Air                4
   f - Summon Ice Beast               Ice/Summoning                4
Comestibles
 c - 9 rations


   Skills:
 - Level 3.4 Dodging
 - Level 2.4 Stealth
 + Level 9.6 Spellcasting
 * Level 11.5 Conjurations
 + Level 8.3 Hexes
 + Level 2.3 Translocations


You had 9 spell levels left.
You knew the following spells:

 Your Spells              Type           Power        Failure   Level  Hunger
a - Magic Dart            Conj           ####         1%          1    None
b - Searing Ray           Conj           ######       1%          2    None
c - Dazzling Spray        Conj/Hex       ######       1%          3    None
d - Iskenderun's Mystic   Conj           ######..     1%          4    #......
e - Fulminant Prism       Conj/Hex       ######....   1%          4    #......
f - Force Lance           Conj/Tloc      #####...     3%          4    #......


Dungeon Overview and Level Annotations

Branches:
Dungeon (9/15)             Temple (1/1) D:5
   Lair: D:8-11         Orc: D:9-12

Altars:
Ashenzari
Dithmenos
Elyvilon
Fedhas
Gozag
Hepliaklqana
Kikubaaqudgha
Makhleb
Nemelex Xobeh
Okawaru
Qazlal
Ru
Sif Muna
Trog
Uskayaw
Vehumet
Wu Jian
Xom
Yredelemnul
Zin
The Shining One

Shops:
D:4 ?*=   D:5 [   D:8 [**


Message History

The hornet stings you.
You feel yourself slow down.
The searing ray hits the hornet.
The hornet is lightly wounded.
The hornet stings you!
You feel as though you will be slow longer.
The hornet stings you.
You suddenly lose the ability to move!
The hornet stings you!
You are poisoned.
You feel as though you will be slow longer.
You can move again.
A killer bee comes into view.
You feel sick.
The killer bee buzzes angrily.
You hear an angry buzzing noise.
The hornet stings you.
You feel as though you will be slow longer.
The hornet stings you!
* * * LOW HITPOINT WARNING * * *
You are more poisoned.
You shrug off the repeated paralysis!
The hornet stings you!
You die...

.[.. .#
#.....##.....
............ #####
#...(....... #..>#
#......#.... #...#
#......y....
#...#####..........
#...<..............
#........@y....<...
###.......##.......
######### .......
y...... .......
....... .......
.......


You could see a hornet and a killer bee.

Vanquished Creatures
  A hippogriff (D:7)
  A wraith (Ossuary)
  Eustachio (D:4)
  A hungry ghost (D:7)
  Duvessa (D:4)
  2 orc warriors
  2 phantoms
  3 ogres
  3 centaurs
  3 bullfrogs
  Dowan (D:4)
  9 wights
  A howler monkey (D:4)
  2 crimson imps
  4 bullfrog zombies
  3 centaur zombies
  5 hounds
  3 jellies
  4 orc priests
  A bullfrog skeleton (D:6)
  Ijyb (D:3)
  2 iguanas
  Natasha (thrice) (D:2)
  3 orc wizards
  3 worker ants
  A killer bee zombie (D:6)
  3 mummies (Ossuary)
  3 hound zombies (D:6)
  A hound skeleton (D:4)
  A howler monkey zombie (D:7)
  3 worker ant zombies
  Robin (D:4)
  3 gnolls (D:4)
  4 adders
  A shadow imp (D:7)
  2 adder zombies (D:6)
  2 worms (D:3)
  A dart slug (D:3)
  6 leopard geckos
  18 orcs
  3 ball pythons
  5 giant cockroaches
  19 goblins
  12 hobgoblins
  4 jackals (D:3)
  6 kobolds
  6 quokkas
  A ball python skeleton (D:6)
  3 bats
  11 frilled lizards
  2 gnoll zombies (Ossuary)
  2 goblin zombies (Ossuary)
  2 hobgoblin zombies (Ossuary)
  A jackal zombie (D:6)
  3 kobold zombies (Ossuary)
  A leopard gecko skeleton (D:4)
  A leopard gecko zombie (D:6)
  A quokka skeleton (D:8)
  7 rats
203 creatures vanquished.

Vanquished Creatures (others)
  A crimson imp (D:7)
  15 fulminant prisms
16 creatures vanquished.

Grand Total: 219 creatures vanquished

Notes
Turn   | Place    | Note
-------+----------+-------------------------------------------
     0 | D:1      | KamiKatze the Deep Elf Conjurer began the quest for the Orb.
     0 | D:1      | Reached XP level 1. HP: 10/10 MP: 6/6
   128 | D:1      | Reached XP level 2. HP: 11/15 MP: 1/8
   303 | D:1      | Reached skill level 5 in Conjurations
   373 | D:1      | Learned a level 2 spell: Searing Ray
   688 | D:2      | Reached XP level 3. HP: 16/19 MP: 7/10
   751 | D:2      | Noticed Natasha
   757 | D:2      | Killed Natasha
   851 | D:2      | Reached XP level 4. HP: 24/24 MP: 7/12
   926 | D:2      | Noticed Natasha
   932 | D:2      | Killed Natasha
   967 | D:2      | Noticed Natasha
   970 | D:2      | Killed Natasha
   970 | D:2      | Reached skill level 6 in Conjurations
  1040 | D:2      | Found a sacrificial altar of Ru.
  1206 | D:2      | Found a basalt altar of Yredelemnul.
  1275 | D:2      | Learned a level 4 spell: Iskenderun's Mystic Blast
  1279 | D:2      | Learned a level 3 spell: Dazzling Spray
  1320 | D:3      | Reached XP level 5. HP: 28/28 MP: 5/14
  1426 | D:3      | Reached skill level 1 in Hexes
  1723 | D:3      | Reached skill level 5 in Spellcasting
  1733 | D:3      | Learned a level 4 spell: Fulminant Prism
  1877 | D:4      | Found Onabaove's Jewellery Boutique.
  1928 | D:3      | Noticed Ijyb
  1954 | D:3      | Killed Ijyb
  1954 | D:3      | Reached XP level 6. HP: 29/32 MP: 1/15
  2216 | D:4      | Found Gozag's Platinum Reserve.
  2254 | D:4      | Noticed Eustachio
  2262 | D:4      | Killed Eustachio
  2262 | D:4      | Reached skill level 7 in Conjurations
  2356 | D:4      | Found an opulent altar of Gozag.
  2375 | D:4      | Found Qaumoh's Magic Scroll Emporium.
  2520 | D:4      | Noticed Robin
  2648 | D:4      | Reached XP level 7. HP: 36/36 MP: 10/17
  2983 | D:4      | Noticed Dowan
  2993 | D:4      | Noticed Duvessa
  3009 | D:4      | Killed Duvessa
  3009 | D:4      | Reached skill level 8 in Conjurations
  3012 | D:4      | Killed Dowan
  3108 | D:4      | Found a shadowy altar of Dithmenos.
  3260 | D:4      | Killed Robin
  3340 | D:5      | Entered Level 5 of the Dungeon
  3441 | D:5      | Found Tonkip's Antique Armour Shoppe.
  3500 | D:5      | Found a staircase to the Ecumenical Temple.
  3507 | Temple   | Entered the Ecumenical Temple
  3692 | Temple   | Became a worshipper of Sif Muna the Loreminder
  3848 | D:5      | Reached skill level 5 in Hexes
  3848 | D:5      | Reached XP level 8. HP: 41/41 MP: 9/20
  4000 | D:5      | Learned a level 4 spell: Force Lance
  4133 | D:6      | Reached skill level 9 in Conjurations
  4632 | D:5      | Reached * piety under Sif Muna
  4882 | D:6      | Reached skill level 10 in Conjurations
  5196 | D:6      | Found a glowing golden altar of the Shining One.
  5474 | D:7      | Noticed a hippogriff
  5494 | D:7      | Reached XP level 9. HP: 30/45 MP: 6/23
  5752 | D:7      | Reached ** piety under Sif Muna
  6182 | D:7      | Reached skill level 11 in Conjurations
  6330 | D:7      | Found a sparkling altar of Nemelex Xobeh.
  6453 | D:8      | Found Hygymn's Assorted Antiques.
  6456 | D:8      | Bought a scroll labeled IGGO AGAOSEETO for 26 gold pieces
  6456 | D:8      | Bought a scroll labeled JUDARPHU BONIXKY for 26 gold pieces
  6467 | D:8      | Found Ocoul's Assorted Antiques.
  6507 | D:8      | Reached skill level 1 in Translocations
  6554 | D:8      | Found a sand-covered staircase.
  6601 | Ossuary  | Entered an ossuary
  7273 | D:8      | Found an ornate altar of the Wu Jian Council.
  7326 | D:8      | Reached *** piety under Sif Muna
  7572 | D:8      | Found Dipt's Antique Armour Shop.
  7587 | D:8      | Bought a brightly glowing robe for 131 gold pieces
  7598 | D:8      | Identified the +1 robe of Awe {+Fly Stlth+} (You bought it in a shop on level 8 of the Dungeon)
  7950 | D:9      | Paralysed by a hornet for 2 turns
  7952 | D:9      | Mangled by a hornet

Skill      XL: |  1  2  3  4  5  6  7  8  9 |
---------------+----------------------------+-----
Conjurations   | 5 6 7 8 10 11 | 11.5
Spellcasting   | 4 5 7 8 9 |  9.6
Hexes          | 2 3 5 6 8 |  8.3
Dodging        | 3 |  3.4
Translocations | 2 |  2.3
Stealth        | |  2.4

Action                   |  1- 3 |  4- 6 |  7- 9 || total
-------------------------+-------+-------+-------++-------
Melee: Unarmed           |     3 |       |       ||     3
       Dagger            |     6 |    29 |    53 ||    88
 Cast: Magic Dart        |    56 |   103 |   193 ||   352
       Searing Ray       |     1 |    12 |    32 ||    45
       Fulminant Prism   |       |     1 |    14 ||    15
       Iskenderun's Myst |       |       |    19 ||    19
       Dazzling Spray    |       |       |     4 ||     4
       Force Lance       |       |       |     1 ||     1
  Use: Scroll            |     3 |     5 |     8 ||    16
       Potion            |       |       |     1 ||     1
 Stab: Sleeping          |       |     1 |     3 ||     4
  Eat: Chunk             |       |     5 |    14 ||    19
       Ration            |       |       |     1 ||     1
Armor: Robe              |     5 |     6 |    25 ||    36
Dodge: Dodged            |    13 |    25 |    91 ||   129
